 Dungeon Crawl Stone Soup version 0.20.1-1-g8b1a95d (webtiles) character file.

16 letownia2 the Grave Robber (level 2, 0/22 HPs)
             Began as a Deep Dwarf Necromancer on Nov 2, 2017.
             Slain by an adder (2 damage)
             ... on level 4 of the Dungeon.
             The game lasted 00:04:01 (923 turns).

letownia2 the Grave Robber (Deep Dwarf Necromancer)  Turns: 923, Time: 00:04:03

Health: 0/22       AC:  2    Str: 11    XL:     2   Next: 41%
Magic:  1/5        EV: 12    Int: 15    God:
Gold:   60         SH:  0    Dex: 13    Spells: 4/5 levels left

rFire    . . .     SeeInvis +   a - +0 dagger
rCold    . . .     Gourm    .   (no shield)
rNeg     . . .     Faith    .   k - +0 robe
rPois    +         Spirit   .   (no helmet)
rElec    .         Reflect  .   (no cloak)
rCorr    .         Harm     .   (no gloves)
MR       .....                  (no boots)
Stlth    ++........             (no amulet)
Regen    0.0/turn               h - ring of see invisible
MPRegen  0.1/turn               r - ring of poison resistance

@: lethally poisoned (0 -> 0), very slightly contaminated, non-regenerating
A: damage resistance, heal wounds, sense surroundings 1, no regeneration
a: Heal Wounds


You were on level 4 of the Dungeon.
You were hungry.

You visited 1 branch of the dungeon, and saw 4 of its levels.

You collected 60 gold pieces.

Inventory:

Hand Weapons
 a - a +0 dagger (weapon)
 m - a +0 hand axe of electrocution
 q - a +0 blowgun
 s - a +2 vampiric whip
Armour
 k - a +0 robe (worn)
 o - a +0 ring mail
Jewellery
 h - a ring of see invisible (left hand)
 r - a ring of poison resistance (right hand)
Scrolls
 d - a scroll of enchant armour {unknown}
 i - a scroll of amnesia {unknown}
 l - a scroll of identify {unknown}
Potions
 e - 2 potions of mutation {unknown}
 g - a potion of heal wounds {unknown}
 n - a potion of berserk rage {unknown}
 t - a potion of experience {unknown}
Books
 b - a book of Necromancy

   Spells                             Type                      Level
   a - Pain                           Necromancy                   1
   b - Animate Skeleton               Necromancy                   1
   c - Vampiric Draining              Necromancy                   3
   d - Regeneration                   Charms/Necromancy            3
   e - Animate Dead                   Necromancy                   4
   f - Control Undead                 Necromancy                   4
Comestibles
 c - a bread ration
 f - a meat ration
 j - a chunk of flesh
 u - 2 fruits


   Skills:
 - Level 2.1 Dodging
 - Level 2.4 Stealth
 - Level 2.0 Spellcasting
 + Level 4.9 Necromancy


You had 4 spell levels left.
You knew the following spells:

 Your Spells              Type           Power        Failure   Level  Hunger
a - Pain                  Necr           ###.         3%          1    #......


Dungeon Overview and Level Annotations

Branches:
Dungeon (4/15)
 Temple: D:4-7

Altars:
Makhleb
Nemelex Xobeh


Innate Abilities, Weirdness & Mutations

You are resistant to damage.
You can heal yourself by infusing magical energy.
You passively map a small area around you.
You do not regenerate.


Message History

Press: ? - help, Shift-Dir - straight line, f/p - adder
Aim: an adder (severely wounded)
Okay, then.
a - a +0 dagger (weapon)
The adder bites you. The adder misses you.
You barely miss the adder.
The adder is severely wounded.
The adder bites you.
* * * LOW HITPOINT WARNING * * *
You miss the adder.
The adder is severely wounded.
The adder closely misses you. x2
You closely miss the adder.
The adder is severely wounded.
The adder barely misses you.
You hit the adder but do no damage.
The adder is severely wounded.
The adder bites you.
You die...

#.#.###.>.###.###
#.......#.##..# *
,
###.###.#....###
, ,.
#..†..<<...## ,
.> *
.....#....###..#
,.[. *
*###.#####.#
##.## , .... #.*
#.# #..## .....
#,
#.#####..#......,
*
*#..@S..#..†.....
,
######..(.....(.
####....... *
....... * ,
*....... * *
*#######* *


You could see an adder.

Vanquished Creatures
  A leopard gecko (D:4)
  4 bats (D:3)
  3 jackals
  3 kobolds (D:3)
  A frilled lizard (D:3)
  2 rats (D:3)
14 creatures vanquished.

Notes
Turn   | Place    | Note
-------+----------+-------------------------------------------
     0 | D:1      | letownia2 the Deep Dwarf Necromancer began the quest for the Orb.
     0 | D:1      | Reached XP level 1. HP: 15/15 MP: 3/3
   156 | D:2      | Found a sparkling altar of Nemelex Xobeh.
   161 | D:2      | You fall through a shaft!
   404 | D:4      | Noticed an ogre
   553 | D:3      | Reached XP level 2. HP: 22/22 MP: 0/5
   639 | D:2      | Found a burning altar of Makhleb.
   694 | D:4      | Noticed a two-headed ogre
   923 | D:4      | Slain by an adder

Skill      XL: |  1 |
---------------+----+-----
Spellcasting   | 2 |  2.0
Dodging        | |  2.1
Stealth        | |  2.4
Necromancy     | |  4.9

Action                   || total
-------------------------++-------
Melee: Unarmed           ||    11
       Dagger            ||     4
 Fire: Blowgun           ||     6
 Cast: Pain              ||    29
Armor: Robe              ||     4
Dodge: Dodged            ||    49
